 Dungeon Sprint DCSS version 0.20.1-1-g8b1a95d (webtiles) character file.

1 potatolord6000 the Chiller (level 1, -3/16 HPs)
             Began as a Troll Ice Elementalist on Sept 11, 2017.
             Was an Initiate of Qazlal.
             Slain by an ufetubus (5 damage)
             ... in the Dungeon (Sprint VII: "The Pits").
             The game lasted 00:00:43 (90 turns).

potatolord6000 the Chiller (Troll Ice Elementalist)   Turns: 90, Time: 00:00:45

Health: -3/16      AC:  3    Str: 15    XL:     1   Next: 16%
Magic:  1/1        EV: 10    Int: 11    God:    Qazlal [......]
Gold:   0          SH:  0    Dex: 10    Spells: 1/2 levels left

rFire    . . .     SeeInvis .   (no weapon)
rCold    . . .     Gourm    +   (no shield)
rNeg     . . .     Faith    .   (armour restricted)
rPois    .         Spirit   .   (helmet restricted)
rElec    .         Reflect  .   (no cloak)
rCorr    .         Harm     .   (gloves unavailable)
MR       .....     NoTele   +   (boots unavailable)
Stlth    +.........             (no amulet)
Regen    0.5/turn               (no ring)
MPRegen  0.1/turn               (no ring)

@: no status effects
A: unfitting armour, claws 3, fast metabolism 3, gourmand, regeneration 1,
shaggy fur 1, tough skin 2
a: Renounce Religion


You were in the Dungeon.
You worshipped Qazlal.
Qazlal was noncommittal.
You were not hungry.

You visited 1 branch

Inventory:

Scrolls
 i - a scroll of blinking
 k - 3 scrolls of remove curse
 l - 5 scrolls of amnesia
 m - a scroll of summoning
Potions
 d - a potion of curing
 e - a potion of heal wounds
 f - a potion of haste
 g - 4 potions of magic
 h - 3 potions of berserk rage
 j - 2 potions of invisibility
Books
 b - a book of Frost

   Spells                             Type                      Level
   a - Freeze                         Ice                          1
   b - Throw Frost                    Conjuration/Ice              2
   c - Ozocubu's Armour               Charms/Ice                   3
   d - Throw Icicle                   Conjuration/Ice              4
   e - Summon Ice Beast               Ice/Summoning                4
Comestibles
 a - a chunk of flesh
 c - 9 bread rations
 n - 40 fruits
 o - 7 meat rations


   Skills:
 + Level 0.0 Fighting
 - Level 1.5 Dodging
 + Level 1.2 Stealth
 + Level 0.0 Unarmed Combat
 + Level 1.4 Spellcasting
   Level 0.6 Conjurations
 + Level 2.3 Ice Magic


You had one spell level left.
You knew the following spells:

 Your Spells              Type           Power        Failure   Level  Hunger
a - Freeze                Ice            #...         12%         1    ##.....


Dungeon Overview and Level Annotations

Branches:
Dungeon (1/1)

Altars:
Ashenzari
Cheibriados
Dithmenos
Elyvilon
Fedhas
Gozag
Hepliaklqana
Kikubaaqudgha
Makhleb
Nemelex Xobeh
Okawaru
Qazlal
Ru
Sif Muna
Trog
Uskayaw
Vehumet
Xom
Yredelemnul
Zin
The Shining One
Beogh
Jiyva
Lugonu


Innate Abilities, Weirdness & Mutations

You are too large for most types of armour.
You have claws for hands.
Your metabolism is lightning-fast.
You like to eat raw meat.
Your natural rate of healing is unusually fast.
You are covered in fur. (AC +1)
You have very tough skin. (AC +2)


Message History

An ufetubus comes into view.
A quokka zombie comes into view.
The ufetubus hits you. The ufetubus barely misses you.
The ufetubus closely misses you. x2
There is an open door here.
The ufetubus hits you. x2
The quokka zombie completely misses you.
You barely miss the ufetubus. The ufetubus closely misses you.
The ufetubus misses you. The quokka zombie bites you. The ufetubus misses you.
The ufetubus hits you.
You miss the ufetubus. The ufetubus closely misses you.
The ufetubus hits you but does no damage.
The quokka zombie bites you but does no damage.
You closely miss the ufetubus. The ufetubus hits you.
* * * LOW HITPOINT WARNING * * *
The ufetubus hits you.
* * * LOW HITPOINT WARNING * * *
The quokka zombie bites you but does no damage.
The ufetubus hits you.
You die...

#_________.#
#_________.#
#__.____...###########++
##########'##...........
#.?(.')))'.##......#..#.
##########.##...........
#...........'...........
#+#####'#####......#..#.
#...5@# #...........
#...Z.# ####'#####++
###+### #...[...#
#.......# #.......#
#...<...# #.......#
#.......# #.......#


You could see an ufetubus and a quokka zombie.

Vanquished Creatures
  A bat (D)
1 creature vanquished.

Notes
Turn   | Place    | Note
-------+----------+-------------------------------------------
     0 | D        | potatolord6000 the Troll Ice Elementalist began the quest for the Orb.
     0 | D        | Reached XP level 1. HP: 16/16 MP: 1/1
    40 | D        | Found a bloodstained altar of Trog.
    40 | D        | Found a deep blue altar of Sif Muna.
    40 | D        | Found a viscous altar of Jiyva.
    40 | D        | Found a hazy altar of Hepliaklqana.
    40 | D        | Found an opulent altar of Gozag.
    63 | D        | Found a glowing golden altar of the Shining One.
    63 | D        | Found a glowing silver altar of Zin.
    63 | D        | Found a basalt altar of Yredelemnul.
    63 | D        | Found a shimmering altar of Xom.
    63 | D        | Found a sacrificial altar of Ru.
    63 | D        | Found a stormy altar of Qazlal.
    63 | D        | Found an iron altar of Okawaru.
    63 | D        | Found a sparkling altar of Nemelex Xobeh.
    63 | D        | Found a burning altar of Makhleb.
    63 | D        | Found a blossoming altar of Fedhas.
    63 | D        | Found a white marble altar of Elyvilon.
    63 | D        | Found a shadowy altar of Dithmenos.
    63 | D        | Found a snail-covered altar of Cheibriados.
    67 | D        | Found a roughly hewn altar of Beogh.
    67 | D        | Found a corrupted altar of Lugonu.
    67 | D        | Found a radiant altar of Vehumet.
    68 | D        | Found a shattered altar of Ashenzari.
    68 | D        | Found an ancient bone altar of Kikubaaqudgha.
    68 | D        | Found a hide-covered altar of Uskayaw.
    72 | D        | Became a worshipper of Qazlal Stormbringer
    90 | D        | Slain by an ufetubus

Action                   || total
-------------------------++-------
Melee: Unarmed           ||     7
Armor: Skin              ||    10
Dodge: Dodged            ||     8
